AoeStats
← riqueladitya25

Arabia

510077141Analyzed
2v2 RM · 3d ago on Sep 29, 2026· 28m 55s· 4 players
Game mode
Random Map
Map size
Medium (4 player)
Population
200
Speed
Normal
Resources
Standard
Victory
Conquest
Starting age
Dark Age
Ending age
Imperial Age
RankedLock teamsTeams togetherTeam positionsShared explorationLock speedFull tech treeHidden civsTurbo modeCheats
Victory
Defeat
🇦🇺 Khmer · Australia
951
+16
🇦🇺 Romans · Australia
950
+16
🇮🇩 Byzantines · Indonesia
996
-51
🇺🇸 Berbers · United States
912
-14
riqueladitya25
12:28 Feudal Age
13:53 Wheelbarrow
14:25 Gold Mining
16:11 Horse Collar
18:11 Double-Bit Axe
24:24 Castle Age
23:22 Forging
23:21 Stone Mining
24:20 Scale Mail Armor
25:01 Scale Barding Armor
24:48 Fletching
25:23 Hand Cart
24:57 Pikeman
27:06 Squires
28:08 Iron Casting
27:34 Murder Holes
27:21 Treadmill Crane
28:14 Husbandry
28:51 Chain Barding Armor
Taytay1
5:30 Loom
10:03 Feudal Age
14:11 Man-at-Arms
16:33 Arson
27:15 Castle Age
FlyingKah
8:44 Loom
10:52 Feudal Age
18:28 Double-Bit Axe
21:09 Castle Age
19:37 Horse Collar
20:06 Scale Barding Armor
20:14 Bloodlines
22:14 Bow Saw
22:08 Husbandry
28:58 Chain Barding Armor
28:49 Forging
OneEyedPhoenix
3:59 Loom
10:49 Feudal Age
17:34 Castle Age
23:41 Double-Bit Axe
27:18 Bow Saw
Connection lost

Rejoining the realm…

Still unreachable

The connection could not be restored.

Session expired

The server has moved on; the page needs a fresh start.